Map: Romanticide LE

Players

Reynor

  • Race: Zerg Zerg
  • League: Master

Serral - Winner!

  • Race: Zerg Zerg
  • League: Master

Event: DreamHack SC2 Masters 2021 Summer

VOD

Have the link to the VOD?

Description

Time

  • Played on: June 4, 2021, 12:50 p.m.
  • Length: 10:28

All games in this series

Show
View Real Time Build Order
Export as new Build Order

Reynor Zerg 

Build Orders: Hatch First 

Get SALT Encoding   

  12  0:00  Drone  
  13  0:12  Overlord  
  13  0:16  Drone  
  14  0:30  Drone x2  
  16  0:48  Hatchery  
  15  0:50  Drone  
  15  0:53  Drone  
  15  0:57  Drone  
  18  1:07  Extractor  
  17  1:11  Spawning Pool  
  17  1:15  Drone  
  17  1:18  Drone  
  18  1:27  Drone  
  19  1:38  Drone  
  20  1:49  Drone  
  21  1:59  Queen x2, Overlord  
  21  2:00  Zergling x2  
  26  2:07  Metabolic Boost  
  26  2:10  Drone x2  
  28  2:21  Drone x2  
  30  2:33  Hatchery  
  29  2:37  Drone  
  29  2:38  Drone  
  29  2:43  Drone x2  
  33  2:48  Baneling Nest  
  32  2:53  Overlord  
  32  2:57  Drone  
  33  3:05  Drone  
  34  3:08  Queen  
  34  3:11  Zergling x2  
  34  3:12  Zergling x2  
  38  3:13  Evolution Chamber  
  38  3:16  Zergling x4  
  39  3:21  Overlord  
  39  3:23  Drone  
  39  3:25  Drone  
  39  3:26  Drone  
  42  3:28  Drone  
  43  3:35  Drone  
  43  3:39  Drone  
  43  3:40  Drone x3  
  48  3:47  Lair  
  48  3:49  Drone, Extractor  
  48  3:52  Drone x2  
  48  3:53  Drone  
  48  3:55  Drone  
  52  3:59  Drone  
  53  4:03  Drone x2, Overlord  
  55  4:11  Drone x2  
  56  4:17  Drone  
  56  4:19  Roach Warren  
  56  4:21  Drone x3  
  56  4:23  Extractor, Drone  
  59  4:24  Extractor  
  59  4:28  Drone x3  
  61  4:31  Overlord  
  61  4:34  Drone x2  
  63  4:38  Drone  
  63  4:41  Drone  
  63  4:44  Overlord  
  65  4:49  Drone  
  65  4:50  Spire  
  65  4:53  Drone x4  
  65  4:55  Drone  
  65  4:56  Baneling  
  65  4:58  Extractor  
  69  5:02  Drone x3, Extractor  
  69  5:04  Drone x2  
  69  5:06  Overlord  
  73  5:08  Drone  
  73  5:13  Overlord  
  73  5:22  Drone x3  
  73  5:24  Zerg Melee Weapons Level 1  
  76  5:28  Overlord  
  76  5:33  Zergling x14  
  83  5:36  Zergling x6  
  83  5:37  Hatchery  
  83  5:41  Overlord  
  85  5:43  Zergling x2  
  85  5:47  Overlord x2  
  84  6:02  Mutalisk x9  
  84  6:04  Drone x3  
  104  6:13  Mutalisk x2  
  104  6:17  Overlord  
  108  6:24  Mutalisk x2  
  111  6:29  Mutalisk  
  113  6:33  Overlord x3  
  113  6:38  Mutalisk  
  115  6:40  Drone x5  
  115  6:44  Extractor, Zerg Flyer Weapons Level 1  
  115  6:46  Overlord  
  119  6:48  Extractor  
  119  6:50  Mutalisk  
  119  6:52  Queen  
  122  6:56  Mutalisk  
  122  6:59  Zergling x4  
  122  7:00  Zergling x8  
  130  7:01  Overlord  
  130  7:05  Mutalisk  
  127  7:10  Drone x2  
  127  7:11  Overlord  
  127  7:12  Mutalisk  
  127  7:13  Mutalisk  
  127  7:14  Drone  
  133  7:16  Overlord  
  133  7:17  Mutalisk  
  133  7:19  Zergling x4  
  133  7:20  Zergling x4  
  139  7:23  Mutalisk  
  139  7:24  Overlord  
  139  7:26  Spore Crawler  
  140  7:30  Mutalisk  
  140  7:31  Mutalisk  
  140  7:35  Mutalisk  
  144  7:39  Zergling x12  
  144  7:40  Zergling x2  
  144  7:41  Overlord  
  150  7:45  Mutalisk x2  
  150  7:49  Zergling x6  
  156  7:51  Mutalisk  
  156  7:59  Zergling x6  
  156  8:03  Overlord  
  156  8:04  Mutalisk x2  
  147  8:06  Zergling x2  
  147  8:07  Zergling x4  
  147  8:11  Mutalisk  
  146  8:16  Mutalisk  
  139  8:20  Zergling x4  
  139  8:22  Queen x2  
  139  8:25  Spine Crawler  
  139  8:26  Mutalisk x2  
  140  8:27  Mutalisk  
  140  8:31  Mutalisk  
  138  8:34  Spore Crawler  
  138  8:35  Zergling x4  
  138  8:41  Mutalisk x2  
  124  8:43  Zergling x4  
  124  8:45  Zergling x2  
  124  8:46  Queen  
  124  8:47  Mutalisk  
  120  8:50  Zergling x4  
  120  8:51  Zergling x6  
  120  8:54  Mutalisk  
  111  8:58  Mutalisk  
  102  9:03  Mutalisk  
  102  9:04  Zergling x2  
  102  9:05  Zergling x8  
  102  9:08  Zergling x4  
  97  9:11  Zergling x2  
  97  9:16  Zergling x4  
  88  9:23  Roach  
  83  9:27  Mutalisk  
  70  9:31  Zergling x2  
  70  9:36  Evolution Chamber  
  60  9:45  Mutalisk  
  55  9:53  Mutalisk  
  55  9:59  Mutalisk  
  55  10:04  Mutalisk  
  61  10:15  Drone x2  
Show
View Real Time Build Order
Export as new Build Order

Serral Zerg - Winner!

Build Orders: Hatch First 

Get SALT Encoding   

  12  0:00  Drone  
  13  0:12  Overlord  
  13  0:17  Drone  
  14  0:31  Drone x2  
  16  0:47  Hatchery  
  15  0:51  Drone  
  15  0:54  Drone  
  17  0:57  Drone  
  18  1:08  Extractor  
  17  1:13  Spawning Pool  
  17  1:15  Drone  
  17  1:18  Drone  
  18  1:27  Drone  
  19  1:38  Drone  
  20  1:49  Drone  
  21  1:59  Queen x2  
  21  2:00  Zergling x2, Overlord  
  26  2:10  Drone x2, Metabolic Boost  
  28  2:20  Drone  
  28  2:21  Drone  
  30  2:31  Zergling x2  
  30  2:34  Hatchery  
  30  2:37  Drone  
  31  2:42  Baneling Nest  
  31  2:44  Drone  
  31  2:48  Overlord  
  31  2:53  Drone  
  31  2:54  Drone  
  33  3:00  Queen  
  33  3:05  Zergling x2  
  36  3:08  Drone x2  
  36  3:10  Drone  
  39  3:13  Drone  
  39  3:15  Drone  
  39  3:19  Overlord  
  41  3:22  Zergling x2  
  41  3:23  Zergling x2  
  43  3:28  Drone  
  43  3:34  Evolution Chamber  
  43  3:37  Drone  
  43  3:38  Drone  
  43  3:40  Drone x4  
  49  3:42  Drone  
  49  3:46  Zergling x2  
  51  3:50  Lair  
  51  3:52  Drone, Extractor  
  51  3:57  Zergling x2  
  51  3:58  Drone x2  
  51  4:02  Zerg Missile Weapons Level 1  
  54  4:06  Roach Warren  
  54  4:09  Baneling  
  53  4:11  Drone  
  53  4:13  Drone x3  
  53  4:17  Overlord  
  57  4:18  Drone  
  57  4:22  Overlord  
  58  4:27  Overlord  
  58  4:29  Extractor  
  58  4:30  Drone  
  58  4:31  Extractor, Drone  
  56  4:34  Overlord  
  56  4:36  Drone x3  
  60  4:39  Drone x2  
  60  4:41  Drone  
  60  4:43  Drone x2  
  65  4:48  Drone x2  
  67  4:54  Drone, Spire  
  67  4:55  Drone  
  67  4:58  Drone, Extractor  
  67  4:59  Extractor  
  67  5:01  Drone  
  67  5:03  Drone  
  67  5:04  Overseer  
  67  5:06  Drone  
  70  5:07  Drone  
  70  5:08  Drone  
  72  5:14  Drone  
  72  5:15  Drone x5  
  77  5:21  Overlord  
  77  5:24  Drone, Glial Reconstitution  
  77  5:25  Overlord  
  77  5:27  Overlord  
  78  5:30  Overlord  
  78  5:33  Overlord  
  78  5:36  Overlord  
  78  5:40  Roach x2  
  82  5:47  Roach x3  
  88  5:53  Queen x2  
  88  5:55  Queen  
  94  6:01  Roach x2  
  97  6:04  Roach  
  97  6:05  Roach  
  97  6:08  Spore Crawler  
  100  6:13  Baneling  
  100  6:15  Corruptor x3  
  106  6:19  Overlord  
  106  6:22  Baneling  
  106  6:25  Corruptor x2  
  106  6:31  Corruptor x2  
  116  6:37  Overlord  
  116  6:38  Corruptor x2  
  118  6:42  Overlord  
  118  6:44  Drone  
  118  6:46  Spore Crawler  
  118  6:50  Corruptor  
  118  6:51  Corruptor  
  122  6:57  Overlord  
  122  7:01  Roach x5  
  132  7:04  Corruptor  
  133  7:11  Corruptor x2  
  133  7:13  Drone  
  135  7:15  Overlord  
  135  7:16  Overlord  
  135  7:20  Corruptor  
  135  7:30  Corruptor x3  
  135  7:34  Roach  
  135  7:35  Roach x2  
  147  7:42  Roach x3  
  145  7:46  Roach  
  145  7:47  Roach  
  149  7:52  Corruptor  
  133  8:06  Roach x4  
  135  8:14  Roach  
  135  8:15  Roach x2  
  135  8:19  Queen x3  
  139  8:24  Corruptor x2  
  143  8:31  Corruptor x2  
  147  8:41  Roach x3  
  139  8:48  Corruptor x2  
  139  8:55  Corruptor  
  137  8:58  Corruptor x2  
  133  9:12  Corruptor x2  
  125  9:19  Corruptor  
  125  9:22  Queen  
  125  9:23  Queen  
  127  9:26  Queen  
  107  9:43  Corruptor  
  107  9:44  Corruptor  
  105  9:51  Corruptor x2  
  103  9:59  Roach x5  
  109  10:06  Roach x6  
  109  10:07  Roach  
Tags
 
Add a new tag
Caveats
  • Supply blocks, unpowered buildings, or Contaminate may cause inaccurate times.
  • Supply counts are checked every 10 seconds.